 Dungeon Crawl Stone Soup version 0.25.1-3-ge44b62a0b3 (webtiles) character file.

Game seed: 14968609655199935317

222 JakoBeide the Sneak (level 5, -1/26 HPs)
             Began as a Spriggan Assassin on Nov 19, 2020.
             Was an Initiate of Dithmenos.
             Slain by Pikel
             ... wielding a +2 whip of freezing
              (3 damage)
             ... on level 4 of the Dungeon on Nov 20, 2020.
             The game lasted 00:25:12 (3275 turns).

JakoBeide the Sneak (Spriggan Assassin)             Turns: 3275, Time: 00:25:12

Health: -1/26      AC:  0    Str:  5 (7)  XL:     5   Next: 66%
Magic:  0/6        EV: 22    Int: 10 (13) God:    Dithmenos [......]
Gold:   145        SH:  0    Dex: 20 (23) Spells: 4/4 levels left

rFire    . . .     SeeInvis +   (weapon currently unavailable)
rCold    . . .     Gourm    .   (shield currently unavailable)
rNeg     . . .     Faith    .   (armour currently unavailable)
rPois    .         Spirit   +   (helmet currently unavailable)
rElec    .         Reflect  .   (cloak currently unavailable)
rCorr    .         Harm     .   (gloves unavailable)
MR       .....                  (boots unavailable)
Stlth    ++++......             A - amulet of guardian spirit
HPRegen  0.08/turn              (ring currently unavailable)
MPRegen  0.10/turn              (ring currently unavailable)

@: mighty, bat-form, flying, very slightly contaminated, hasted, invisible, very
quick
A: tiny, unfitting armour, see invisible, herbivore, slow metabolism 2
a: Renounce Religion


You were on level 4 of the Dungeon.
You worshipped Dithmenos.
Dithmenos was noncommittal.
You were not hungry.
You were in bat-form.
You visited 1 branch of the dungeon, and saw 4 of its levels.

You collected 145 gold pieces.

Inventory:

Hand Weapons
 a - a +2 dagger (melded)
 k - a cursed -3 dagger
 q - a +0 short sword
Missiles
 d - 27 poisoned darts (quivered)
 e - 2 curare-tipped darts
 g - 41 stones
 i - 38 arrows
 p - 44 bolts
Armour
 b - a +0 robe (melded)
 c - a +0 cloak (melded)
 l - a +0 robe
 m - a +0 leather armour
 s - a +0 robe
 u - a +0 ring mail
 y - a +0 leather armour
Jewellery
 A - an amulet of guardian spirit (around neck)
Scrolls
 h - a scroll of blinking
 j - 2 scrolls of teleportation
 n - a scroll of fear {unknown}
 r - a scroll of enchant armour {unknown}
 t - a scroll of magic mapping {unknown}
 w - a scroll of amnesia {unknown}
Potions
 o - 2 potions of might
 z - a potion of haste
Comestibles
 f - 3 rations


   Skills:
 + Level 1.8 Fighting
 * Level 3.2 Short Blades
 + Level 3.8 Throwing
 * Level 3.8 Dodging
 * Level 7.4 Stealth


You had 4 spell levels left.
You didn't know any spells.
Your spell library was empty.

Dungeon Overview and Level Annotations

Branches:
Dungeon (4/15)
 Temple: D:4-7

Altars:
Dithmenos
Gozag
Hepliaklqana
Nemelex Xobeh
Ru
Vehumet
The Shining One

Annotations:
D:4 Ijyb, Pikel


Innate Abilities, Weirdness & Mutations

You are very small and have problems with some larger weapons.
You are too small for most types of armour.
You have supernaturally acute eyesight. (SInv)
You are a herbivore.
((You cover ground extremely quickly.))
You need to consume almost no food.


Message History

Found 8 gold pieces.
A slave and Pikel come into view.
Pikel is wielding a +2 whip of freezing.
It was a potion of might.
You feel very mighty all of a sudden.
It was a potion of invisibility.
You fade into invisibility!
It was a potion of haste.
You feel yourself speed up.
The helpless Pikel fails to defend himself.
You bite Pikel!
Pikel is lightly wounded.
Pikel hits you with a +2 whip of freezing.
* * * LOW HITPOINT WARNING * * *
Pikel freezes you.
* * * LOW HITPOINT WARNING * * *
A slave comes into view. 2 slaves come into view.
The slave shouts! x2
Pikel hits you with a +2 whip of freezing.
You die...

.#. #.#
#.# #.#
##.##
##..p##
#.....#
#.b..#
#....K##
#
###$##.p
#. ..p.
# ##
..p... #
##...# #
...# #
### #


You could see Pikel and 4 slaves.

Vanquished Creatures
  An orc wizard (D:2)
  7 gnolls
  5 adders
  An ooze (D:1)
  6 worms
  3 dart slugs
  2 leopard geckos
  3 orcs (D:2)
  A giant cockroach (D:3)
  7 goblins
  3 hobgoblins
  7 kobolds
  A quokka (D:3)
  A ball python (D:2)
  10 bats
  3 frilled lizards
  7 rats
68 creatures vanquished.

Notes
Turn   | Place    | Note
-------+----------+-------------------------------------------
     0 | D:1      | JakoBeide the Spriggan Assassin began the quest for the
                  | Orb.
     0 | D:1      | Reached XP level 1. HP: 10/10 MP: 2/2
    57 | D:1      | Reached skill level 6 in Stealth
    86 | D:1      | Reached XP level 2. HP: 14/14 MP: 3/3
   739 | D:2      | Reached XP level 3. HP: 5/18 MP: 4/4
   828 | D:2      | Upgraded the game from 0.25.1-2-g60ff931df9 to
                  | 0.25.1-3-ge44b62a0b3
   998 | D:2      | Reached skill level 7 in Stealth
  1003 | D:2      | Reached XP level 4. HP: 22/23 MP: 5/5
  2148 | D:3      | Found a sparkling altar of Nemelex Xobeh.
  2166 | D:3      | Reached XP level 5. HP: 16/26 MP: 6/6
  2398 | D:3      | Found a shadowy altar of Dithmenos.
  2398 | D:3      | Noticed a shadow
  2399 | D:3      | Found a hazy altar of Hepliaklqana.
  2422 | D:3      | Became a worshipper of Dithmenos the Shadowed
  2453 | D:3      | Found a radiant altar of Vehumet.
  2495 | D:3      | Found a glowing golden altar of the Shining One.
  2625 | D:3      | Found a sacrificial altar of Ru.
  2659 | D:3      | Found an opulent altar of Gozag.
  3239 | D:4      | Noticed Ijyb
  3270 | D:4      | Noticed Pikel
  3270 | D:4      | Noticed a slave
  3274 | D:4      | Noticed a slave
  3275 | D:4      | Noticed a slave
  3275 | D:4      | Noticed a slave
  3275 | D:4      | Slain by Pikel

Illustrated notes

Levels and vault maps discovered:
D:1:      minmay_arrival_hallway, layout_rooms, minmay_misc_feat_more_columns,
          corexii_leaking_fountain
D:2:      layout_loops_corners
D:3:      layout_loops_ring, grunt_gozag_statues, overflow_temple_1_default,
          tso_metal_star, lemuel_coloured_pillars_altar, fiery_altar_vehumet,
          riverfiend_overflow_shadow_ancestor
D:4:      layout_loops_cross, makhleb_heckhound_becter, uniq_duvessa, uniq_ijyb,
          uniq_robin, uniq_pikel

Skill      XL: |  1  2  3  4  5 |
---------------+----------------+-----
Stealth        | 6 7 |  7.4
Dodging        | 2 3 |  3.8
Throwing       | 3 |  3.8
Short Blades   | 3 |  3.2
Fighting       | |  1.8

Action                   |  1- 3 |  4- 6 || total
-------------------------+-------+-------++-------
Melee: Dagger            |    67 |    63 ||   130
       Unarmed           |       |     1 ||     1
Throw: Dart              |    92 |   110 ||   202
  Use: Scroll            |     2 |     3 ||     5
       Potion            |     1 |     5 ||     6
 Stab: Sleeping          |       |     6 ||     6
Armor: Robe              |    24 |     9 ||    33
Dodge: Dodged            |   107 |    51 ||   158
